 Dungeon Crawl Stone Soup version 0.24-a0-140-gcaa6c10b7c (webtiles) character file.

Game seed: 0

29313 PikkenKukken the Slicer (level 13, -2/63 HPs)
             Began as a Vine Stalker Fighter on Mar 4, 2019.
             Was a Follower of Uskayaw.
             Killed from afar by an ice statue (19 damage)
             ... with a bolt of cold
             ... on level 10 of the Dungeon.
             The game lasted 00:35:23 (13896 turns).

PikkenKukken the Slicer (Vine Stalker Fighter)     Turns: 13896, Time: 00:35:23

Health: -2/63      AC: 15    Str: 20    XL:     13   Next: 44%
Magic:  0/20       EV:  8    Int: 10    God:    Uskayaw [*.....]
Gold:   991        SH: 13    Dex: 18    Spells: 12/12 levels left

rFire    . . .     SeeInvis .   a - +1 rapier
rCold    . . .     Gourm    .   c - +1 shield
rNeg     . . .     Faith    .   x - +0 plate armour
rPois    .         Spirit   +   (no helmet)
rElec    .         Reflect  +   I - +0 cloak
rCorr    .         Harm     .   (no gloves)
MR       +....                  (no boots)
Stlth    ..........             J - +2 amulet of reflection
HPRegen  1.00/turn              (no ring)
MPRegen  0.17/turn              j - ring of stealth

@: flying
A: fangs 3, clever 1, frail 1, regeneration 2, magic shield, antimagic bite, no
potion heal 3, rot immunity
a: Stomp, Renounce Religion


You were on level 10 of the Dungeon.
You worshipped Uskayaw.
Uskayaw was aware of your devotion.
You were hungry.

You visited 2 branches of the dungeon, and saw 14 of its levels.
You also visited: Sewer.

You collected 991 gold pieces.

Inventory:

Hand Weapons
 a - a +1 rapier (weapon)
Armour
 c - a +1 shield (worn)
 x - a +0 plate armour (worn)
 E - a +0 helmet
 I - a +0 cloak (worn)
Jewellery
 g - a +2 ring of intelligence
 j - a ring of stealth (right hand)
 p - an uncursed ring of ice
 C - an uncursed amulet of magic regeneration
 F - an uncursed amulet of rage
 J - a +2 amulet of reflection (around neck)
Wands
 b - a wand of scattershot (5)
 n - a wand of flame (7)
 o - a wand of clouds (6)
 u - a wand of iceblast (12)
 w - a wand of paralysis (17)
 z - a wand of digging (9)
 D - a wand of disintegration (1)
 G - a wand of acid (5)
 H - a wand of polymorph (14)
Scrolls
 k - 6 scrolls of teleportation
 l - 4 scrolls of enchant weapon
 m - 3 scrolls of fog
 r - 2 scrolls of enchant armour
 s - 10 scrolls of remove curse
 y - 4 scrolls of blinking
 A - 5 scrolls of identify
 N - a scroll of amnesia
Potions
 d - 2 potions of might
 e - 3 potions of curing
 h - 2 potions of resistance
 i - 2 potions of cancellation
 q - 3 potions of lignification
 t - a potion of haste
 v - a potion of flight
 B - 2 potions of agility
 K - a potion of brilliance
Comestibles
 f - 28 rations


   Skills:
 + Level 8.9 Fighting
 * Level 11.8 Short Blades
 + Level 8.1 Armour
 + Level 7.5 Dodging
 - Level 5.0 Shields
 + Level 9.0 Invocations


You had 12 spell levels left.
You didn't know any spells.
Your spell library was empty.

Dungeon Overview and Level Annotations

Branches:
Dungeon (11/15)            Temple (0/1) D:5            Lair (3/6) D:11
  Snake (0/4) Lair:2
  Swamp: Lair:2-4    Shoals: Lair:2-4       Orc: D:9-12

Altars:
Elyvilon
Hepliaklqana
Nemelex Xobeh
Ru
Uskayaw
Xom
The Shining One

Shops:
D:9 *   D:10 ?

Annotations:
D:3 1 runed translucent door, Crazy Yiuf
D:10 exclusion: ice statue
Lair:3 3 runed translucent doors, Miow's ghost, journeyman MiFi


Innate Abilities, Weirdness & Mutations

You have razor-sharp teeth.
You heal very quickly.
When hurt, damage is shared between your health and your magic reserves.
Your bite disrupts and absorbs the magic of your enemies.
Potions cannot restore your health.
You are immune to rotting.
Your mind is acute. (Int +2)
You are frail. (-10% HP)


Message History

The ice statue's magic leaks into the air.
You drain its magic.
You feel invigorated.
The ice statue is lightly damaged.
You are engulfed in a cloud of scalding steam.
You puncture the ice statue!
You bite the ice statue, but do no damage.
The ice statue is moderately damaged.
Unknown command.
You hit the ice statue.
The ice statue is moderately damaged.
Unknown command.
You completely miss the ice statue.
You bite the ice statue, but do no damage.
The ice statue is moderately damaged.
Unknown command.
You puncture the ice statue!
The ice statue is heavily damaged.
The ice statue gestures at you. The bolt of cold hits you!!
You die...

#..#...##'###++####..........##'
#..#####.....................#..
#............................#..
#............................#..
#..##'###.....≈≈≈...####'##..#.)
#..'....#....##≈##........#..#..
#..#....#.#.≈#|!}#≈.......#..#..
##..#....#.#§§≈$8$≈≈.......#..#..
#...#....#.#.§#[@}#§$......#..#..
#...#....#....##§##........#..#..
#...######.....≈≈≈......)..#..###
#.....................(...[+.....
#[.....#'#####.#.##........+.....
#......#.......#...#########.....
######.#.......#................(
#.#.......+.................
###.#.......#.................


You could see an ice statue.

Vanquished Creatures
  Josephine (D:10)
  3 hydras (Lair:3)
  Erica (D:8)
  A catoblepas (Lair:2)
  A two-headed ogre (D:8)
  A death yak (Lair:2)
  A queen ant (Lair:3)
  Sonja (Lair:1)
  Pikel (D:8)
  A cyclops (D:10)
  A torpor snail (Lair:2)
  A manticore (D:10)
  2 black mambas
  Psyche (D:8)
  5 spiny frogs
  3 rime drakes (Lair:3)
  A tengu conjurer (D:10)
  A troll (D:10)
  Grinder (Sewer)
  7 hippogriffs
  8 blink frogs
  5 wraiths (D:9)
  4 hogs (D:7)
  A wyvern (D:10)
  16 yaks
  A human (D:7)
  A hungry ghost (D:8)
  2 steam dragons (D:8)
  9 soldier ants
  4 nagas (Lair:2)
  5 water moccasins
  5 orc warriors
  2 porcupines (Lair:3)
  3 ice beasts
  3 sky beasts
  2 black bears
  An eye of draining (D:11)
  6 ogres
  A necrophage (Sewer)
  11 wolves
  A phantom (D:5)
  7 centaurs
  6 crocodiles
  5 big kobolds
  6 bullfrogs
  A wyvern skeleton (D:11)
  A water moccasin skeleton (D:6)
  6 scorpions
  9 wights
  3 electric eels (D:11)
  5 crimson imps
  5 bullfrog zombies
  A quasit (D:7)
  3 orc priests
  11 hounds
  5 jellies
  4 bullfrog skeletons
  14 orc wizards
  A centaur skeleton (D:8)
  Ijyb (D:3)
  An iguana (D:6)
  43 worker ants
  A big kobold zombie (Sewer)
  3 hound skeletons
  A worker ant zombie (D:6)
  A gnoll (D:6)
  12 adders
  2 howler monkey skeletons
  4 shadow imps
  A white imp (D:4)
  An ufetubus (Sewer)
  3 oozes
  3 adder zombies
  2 adder skeletons
  5 worms
  4 dart slugs
  9 leopard geckos
  43 orcs
  7 bats
  7 giant cockroaches
  9 goblins
  6 hobgoblins
  10 jackals
  4 ball pythons
  3 frilled lizards (D:3)
  A giant cockroach zombie (Sewer)
  44 kobolds
  A leopard gecko skeleton (D:2)
  8 rats
459 creatures vanquished.

Vanquished Creatures (others)
  A bush (Lair:3)
  2 fungi
  2 plants (Lair:3)
5 creatures vanquished.

Grand Total: 464 creatures vanquished

Notes
Turn   | Place    | Note
-------+----------+-------------------------------------------
     0 | D:1      | PikkenKukken the Vine Stalker Fighter began the quest for
                  | the Orb.
     0 | D:1      | Reached XP level 1. HP: 11/11 MP: 2/2
   160 | D:1      | Reached skill level 2 in Short Blades
   160 | D:1      | Reached XP level 2. HP: 4/16 MP: 1/3
   662 | D:1      | Reached XP level 3. HP: 19/19 MP: 4/4
  1220 | D:2      | Found a hide-covered altar of Uskayaw.
  1223 | D:2      | Noticed a +0 dagger
  1223 | D:2      | Noticed a +0 hand axe
  1228 | D:2      | Became a worshipper of Uskayaw the Reveler
  1253 | D:2      | Reached * piety under Uskayaw
  1370 | D:2      | Reached ** piety under Uskayaw
  1449 | D:2      | Gained mutation: Your natural rate of healing is unusually
                  | fast. [Vine Stalker growth]
  1449 | D:2      | Reached XP level 4. HP: 15/24 MP: 2/5
  1455 | D:2      | Reached skill level 1 in Dodging
  1825 | D:3      | Found a glowing drain.
  1842 | D:3      | Reached *** piety under Uskayaw
  1856 | Sewer    | Entered a sewer
  2008 | Sewer    | Found an ancient bone altar of Kikubaaqudgha.
  2008 | Sewer    | Noticed a big kobold
  2015 | Sewer    | Reached XP level 5. HP: 28/28 MP: 4/6
  2023 | Sewer    | Reached **** piety under Uskayaw
  2026 | Sewer    | Killed a big kobold
  2026 | Sewer    | Reached skill level 3 in Short Blades
  2026 | Sewer    | Reached skill level 1 in Invocations
  2035 | Sewer    | Noticed a necrophage
  2051 | Sewer    | Killed a necrophage
  2051 | Sewer    | Reached XP level 6. HP: 26/32 MP: 4/8
  2126 | Sewer    | Noticed Grinder
  2138 | Sewer    | Paralysed by Grinder for 2 turns
  2143 | Sewer    | Killed Grinder
  2143 | Sewer    | Reached skill level 4 in Short Blades
  2143 | Sewer    | Reached XP level 7. HP: 17/37 MP: 6/9
  2446 | D:3      | Noticed Ijyb
  2460 | D:3      | Killed Ijyb
  2634 | D:3      | Found a runed translucent door.
  2635 | D:3      | Noticed Crazy Yiuf
  3201 | D:4      | Gained mutation: You have razor-sharp teeth. [Vine Stalker
                  | growth]
  3201 | D:4      | Reached XP level 8. HP: 28/42 MP: 7/10
  4028 | D:5      | Entered Level 5 of the Dungeon
  4092 | D:5      | Reached skill level 5 in Short Blades
  4093 | D:5      | Reached ***** piety under Uskayaw
  4342 | D:5      | Found a staircase to the Ecumenical Temple.
  4458 | D:5      | Found a glowing golden altar of the Shining One.
  4920 | D:6      | Reached XP level 9. HP: 42/46 MP: 9/12
  5130 | D:6      | Found a hazy altar of Hepliaklqana.
  5131 | D:6      | Found a shimmering altar of Xom.
  5131 | D:6      | Noticed a thorn hunter
  5132 | D:6      | Noticed a spectral ugly thing
  5132 | D:6      | Noticed a thorn hunter
  5271 | D:6      | Reached skill level 6 in Short Blades
  5278 | D:6      | Reached skill level 5 in Shields
  5302 | D:6      | Reached skill level 5 in Fighting
  5778 | D:7      | Found a sparkling altar of Nemelex Xobeh.
  6139 | D:7      | Reached skill level 7 in Short Blades
  6141 | D:7      | Reached skill level 5 in Armour
  6141 | D:7      | Reached XP level 10. HP: 17/51 MP: 14/14
  6210 | D:7      | Reached skill level 5 in Invocations
  6609 | D:7      | Found a white marble altar of Elyvilon.
  6859 | D:8      | Noticed a two-headed ogre
  6870 | D:8      | Killed a two-headed ogre
  6956 | D:8      | Noticed Erica
  6963 | D:8      | Reached skill level 8 in Short Blades
  6971 | D:8      | Reached ****** piety under Uskayaw
  6993 | D:8      | Killed Erica
  7021 | D:8      | Reached skill level 5 in Dodging
  7525 | D:8      | Noticed Psyche
  7547 | D:8      | Killed Psyche
  7547 | D:8      | Reached XP level 11. HP: 53/58 MP: 16/16
  7584 | D:8      | Noticed Pikel
  7610 | D:8      | Killed Pikel
  7754 | D:9      | Found a sacrificial altar of Ru.
  8212 | D:9      | Found Angit's Island Escapes.
  8230 | D:10     | Entered Level 10 of the Dungeon
  8443 | D:10     | Reached skill level 9 in Short Blades
  8506 | D:10     | Noticed Josephine
  8606 | D:10     | Killed Josephine
  8758 | D:10     | Found Hoasiyck's Magic Scroll Emporium.
  9353 | D:11     | Noticed a manticore
  9548 | D:10     | Killed a manticore
  9764 | D:11     | Noticed a cyclops
  9792 | D:10     | Killed a cyclops
 10122 | D:11     | Found a staircase to the Lair.
 10138 | D:11     | Identified the +4 war axe "Husib" {chop, *Corrode rElec
                  | rPois rF++}
 10563 | Lair:1   | Entered Level 1 of the Lair of Beasts
 10570 | Lair:1   | Reached skill level 10 in Short Blades
 10577 | Lair:1   | Gained mutation: You heal very quickly. [Vine Stalker
                  | growth]
 10577 | Lair:1   | Reached XP level 12. HP: 63/63 MP: 18/18
 11047 | Lair:1   | Noticed Sonja
 11053 | Lair:1   | Killed Sonja
 11868 | Lair:2   | Found a staircase to the Snake Pit.
 11904 | Lair:2   | Noticed a death yak
 11928 | Lair:2   | Killed a death yak
 12021 | Lair:2   | Found a dark tunnel.
 12518 | Lair:2   | Reached skill level 11 in Short Blades
 12624 | Lair:3   | Noticed a catoblepas
 12643 | Lair:2   | Killed a catoblepas
 12725 | Lair:3   | Found a runed translucent gate.
 12725 | Lair:3   | Found a runed translucent gate.
 12725 | Lair:3   | Found a runed translucent gate.
 12850 | Lair:3   | Noticed a queen ant
 12873 | Lair:3   | Killed a queen ant
 12878 | Lair:3   | Reached XP level 13. HP: 37/69 MP: 8/20
 12989 | Lair:3   | Gained mutation: You regenerate. [potion of mutation]
 12989 | Lair:3   | Gained mutation: You expend magic power (3 MP) to
                  | strengthen your wands. [potion of mutation]
 12989 | Lair:3   | Gained mutation: You have a pair of small horns on your
                  | head. [potion of mutation]
 12990 | Lair:3   | Lost mutation: You expend magic power (3 MP) to strengthen
                  | your wands. [potion of mutation]
 12990 | Lair:3   | Lost mutation: You regenerate. [potion of mutation]
 12990 | Lair:3   | Lost mutation: You have a pair of small horns on your head.
                  | [potion of mutation]
 12990 | Lair:3   | Gained mutation: You have a somewhat thin skeletal
                  | structure. (Dex +2, Stealth) [potion of mutation]
 12990 | Lair:3   | Gained mutation: You are frail. (-10% HP) [potion of
                  | mutation]
 12990 | Lair:3   | Gained mutation: You have a pair of small horns on your
                  | head. [potion of mutation]
 12991 | Lair:3   | Lost mutation: You are frail. (-10% HP) [potion of
                  | mutation]
 12991 | Lair:3   | Lost mutation: You have a pair of small horns on your head.
                  | [potion of mutation]
 12991 | Lair:3   | Lost mutation: You have a somewhat thin skeletal structure.
                  | (Dex +2, Stealth) [potion of mutation]
 12991 | Lair:3   | Gained mutation: You are clumsy. (Dex -2) [potion of
                  | mutation]
 12991 | Lair:3   | Gained mutation: You are resistant to hostile enchantments.
                  | (MR+) [potion of mutation]
 12992 | Lair:3   | Lost mutation: You are resistant to hostile enchantments.
                  | (MR+) [potion of mutation]
 12992 | Lair:3   | Lost mutation: You are clumsy. (Dex -2) [potion of
                  | mutation]
 12992 | Lair:3   | Gained mutation: Your muscles are strong. (Str +2) [potion
                  | of mutation]
 12992 | Lair:3   | Lost mutation: Your muscles are strong. (Str +2) [potion of
                  | mutation]
 12992 | Lair:3   | Gained mutation: You are frail. (-10% HP) [potion of
                  | mutation]
 12992 | Lair:3   | Gained mutation: Your mind is acute. (Int +2) [potion of
                  | mutation]
 13474 | Lair:3   | Noticed Miow's ghost (journeyman MiFi)
 13896 | D:10     | Killed from afar by an ice statue

Levels and vault maps discovered:
D:1:      tarquinn_simple_flora_water_d, layout_loops_ring, nrook_campfire
D:2:      layout_basic, dancing_weapons_uskayaw
D:3:      layout_loops_ring, portal_sewer_entry_f, uniq_crazy_yiuf_cottage,
          uniq_ijyb
D:4:      layout_basic, first_ration, minmay_fire_ice_demons
D:5:      layout_basic, nicolae_overflow_crystal_walls,
          minmay_temple_entry_from_below_b
D:6:      layout_basic, regret_index_temple_of_mockery
D:7:      layout_cave_pods, kennysheep_mini_moat,
          nemelex_xobeh_ov_fountains_minmay, grunt_livestock,
          hangedman_abyss_or_decor_lesser_grid
D:8:      layout_layer_cave, item_on_display_a, uniq_psyche, uniq_erica,
          uniq_pikel
D:9:      layout_long_grid, basic_altar, nicolae_island_escapes
D:10:     layout_irregular_city, serial_shops, shop_scrolls, minivault_5,
          minivault_15, uniq_josephine
D:11:     layout_rooms, erik_lair_island, st_stairs_14
Lair:1:   layout_cave_pods, serial_bayou_shore_b, uniq_sonja
Lair:2:   layout_gridlike, minmay_snake_entry_guardpost_small, enter_volcano_1,
          minmay_holes
Lair:3:   layout_loops_ring, gammafunk_ghost_icy, zaba_anthell
Sewer:    kennysheep_sewer_church

Skill      XL: |  1  2  3  4  5  6  7  8  9 10 11 12 13 |
---------------+----------------------------------------+-----
Short Blades   | 2 3 4 5 7 8 10 11 | 11.8
Fighting       | 3 4 5 6 7 8 |  8.9
Shields        | 3 4 5 |  5.0
Dodging        | 1 2 3 4 5 6 7 |  7.5
Invocations    | 1 2 3 4 6 7 8 9 |  9.0
Armour         | 3 4 5 6 7 8 |  8.1

Action                   |  1- 3 |  4- 6 |  7- 9 | 10-12 | 13-15 || total
-------------------------+-------+-------+-------+-------+-------++-------
Melee: Rapier            |    87 |   128 |   462 |   892 |   193 ||  1762
       Bite              |    28 |    33 |   162 |   349 |    86 ||   658
Invok: Line Pass         |       |     1 |       |     6 |       ||     7
       Stomp             |       |       |     1 |       |       ||     1
       Grand Finale      |       |       |       |     1 |       ||     1
Evoke: Wand              |       |       |       |    16 |     3 ||    19
  Use: Scroll            |     5 |     1 |     9 |    15 |     1 ||    31
       Potion            |       |     1 |       |     4 |     5 ||    10
 Stab: Paralysed         |       |     5 |    11 |    55 |    17 ||    88
       Confused          |       |       |       |     1 |       ||     1
  Eat: Chunk             |     2 |     2 |    14 |    15 |     4 ||    37
       Ration            |       |       |       |     3 |       ||     3
Armor: Scale mail        |    31 |    38 |    77 |       |       ||   146
       Plate armour      |       |       |    74 |   434 |    88 ||   596
Dodge: Dodged            |    21 |    32 |   103 |   204 |    49 ||   409
Block: Shield            |    42 |    59 |   191 |   529 |    89 ||   910
       Reflection        |       |       |       |     2 |       ||     2

Table legend:
 A = Non-vault XP
 B = Vault XP
 C = Vault XP percentage of total XP
 D = Non-vault monster count
 E = Vault monster count
 F = Vault count percentage of total count
                 A         B        C        D         E       F
            +---------+---------+-------+---------+---------+-------
      Total |   30374 |   11502 |  27.5 |     344 |     115 |  25.1
            +---------+---------+-------+---------+---------+-------
        D:1 |      47 |       0 |   0.0 |      21 |       0 |   0.0
        D:2 |      61 |       0 |   0.0 |      22 |       0 |   0.0
        D:3 |     202 |      51 |  20.2 |      36 |       7 |  16.3
        D:4 |     399 |      60 |  13.1 |      10 |       2 |  16.7
        D:5 |     704 |       0 |   0.0 |      17 |       0 |   0.0
        D:6 |     876 |       0 |   0.0 |      29 |       0 |   0.0
        D:7 |     867 |     976 |  53.0 |      26 |       5 |  16.1
        D:8 |    3225 |    2011 |  38.4 |      43 |       3 |   6.5
        D:9 |     308 |    1028 |  76.9 |       9 |       5 |  35.7
       D:10 |    2866 |    1661 |  36.7 |      26 |       5 |  16.1
       D:11 |    1857 |     219 |  10.5 |      34 |       5 |  12.8
     Lair:1 |    5099 |     814 |  13.8 |      25 |       1 |   3.8
     Lair:2 |    5786 |     636 |   9.9 |      19 |       4 |  17.4
     Lair:3 |    8077 |    3359 |  29.4 |      27 |      45 |  62.5
      Sewer |       0 |     687 | 100.0 |       0 |      33 | 100.0
            +---------+---------+-------+---------+---------+-------
